 Dungeon Crawl Stone Soup version 0.27-a0-65-gfb268537a3 (webtiles) character file.

Game seed: 8375806284545672749

31 jusk the Scratcher (level 3, 0/17 HPs)
             Began as a Felid Chaos Knight on Jan 8, 2021.
             Was a Plaything of Xom.
             Slain by an orc
             ... wielding a +0 short sword
              (3 damage)
             ... on level 1 of the Dungeon.
             The game lasted 00:03:07 (1411 turns).

jusk the Scratcher (Felid Chaos Knight)             Turns: 1411, Time: 00:03:07

Health: 0/17       AC:  1    Str:  8    XL:     3   Next: 7%
Magic:  4/4        EV: 19    Int: 13    God:    Xom [.*....]
Gold:   37         SH:  0    Dex: 16    Spells: 2/2 levels left
                                        Lives:  0   Deaths: 0

rFire    . . .     SeeInvis +     - Unarmed
rCold    . . .     Faith    .   (shield unavailable)
rNeg     . . .     Spirit   .   (armour unavailable)
rPois    .         Reflect  .   (helmet unavailable)
rElec    .         Harm     .   (cloak unavailable)
rCorr    .         Rampage  .   (gloves unavailable)
Will     .....                  (boots unavailable)
Stlth    ++........             (no amulet)
HPRegen  0.05/turn              (no ring)
MPRegen  0.09/turn              (no ring)

@: quick
A: very small, no armour, no weapons or thrown items, stealth, claws 1, fangs 3,
see invisible, speed 1, shaggy fur 1, sharp paws
a: Renounce Religion


You were on level 1 of the Dungeon.
You worshipped Xom.
You were a plaything of Xom.
You visited 1 branch of the dungeon, and saw 2 of its levels.

You collected 37 gold pieces.

Inventory:

Scrolls
 d - a scroll of enchant armour {unknown}
 e - a scroll of teleportation {unknown}
Potions
 a - a potion of lignification {unknown}
 b - a potion of invisibility {unknown}
 c - a potion of mutation {unknown}
 f - a potion of flight {unknown}


   Skills:
 - Level 3.2 Fighting
 + Level 3.6 Dodging
 + Level 1.0 Stealth
 * Level 3.6 Unarmed Combat


You had 2 spell levels left.
You didn't know any spells.
Your spell library was empty.

Dungeon Overview and Level Annotations

Branches:
Dungeon (2/15)

Altars:


Innate Abilities, Weirdness & Mutations

You cannot wear armour.
You are incapable of wielding weapons or throwing items.
Your paws allow you to move quietly. (Stealth)
You have sharp claws.
You have razor-sharp teeth.
You have supernaturally acute eyesight. (SInv)
You cover ground quickly.
You are covered in fur. (AC +1)
Your sharp claws are effective at attacking unaware monsters.


Message History

You climb downwards. 3 orcs and an orc wizard come into view.
The orc shouts! x2; The orc wizard shouts!
The orc shouts!
You hear a shout!
Found 8 curare-tipped darts.
There is a stone staircase leading up here.
The orc misses you. The orc hits you with a +3 war axe!
Ouch! That really hurt!
* * * LOW HITPOINT WARNING * * *
You climb upwards.
There is a stone staircase leading down here.
You scratch the orc.
The orc is heavily wounded.
You barely miss the orc. You bite the orc, but do no damage.
The orc is heavily wounded.
The orc misses you. The orc closely misses you.
You scratch the orc. Your bite misses the orc.
The orc is almost dead.
The orc hits you with a +0 short sword.
You die...
Xom yawns loudly!

..##................#
..##................#
..##................#
(.##.....(..........#
..####'####.........#
..# #....#.........#
### ####.#.........#
########.#......o..#
#........#....o@...#
#.##################
#.# #.# ##.# ...#
#### ##


You could see 2 orcs.

Vanquished Creatures
  8 goblins (D:1)
  3 hobgoblins (D:1)
  8 kobolds (D:1)
  2 ball pythons (D:1)
  3 bats (D:1)
  3 frilled lizards (D:1)
  4 rats (D:1)
31 creatures vanquished.

Notes
Turn   | Place    | Note
-------+----------+-------------------------------------------
     0 | D:1      | jusk the Felid Chaos Knight began the quest for the Orb.
     0 | D:1      | Reached XP level 1. HP: 10/10 MP: 2/2
   255 | D:1      | Reached XP level 2. HP: 14/14 MP: 3/3
   293 | D:1      | XOM: silly message
   326 | D:1      | XOM: noise
  1041 | D:1      | XOM: potion effect (curing)
  1116 | D:1      | XOM: chaos upgrade
  1118 | D:1      | Reached skill level 1 in Stealth
  1118 | D:1      | Reached XP level 3. HP: 15/17 MP: 4/4
  1411 | D:1      | Slain by an orc

Illustrated notes

Levels and vault maps discovered:
D:1:      minmay_arrival_nine_rooms, layout_basic, chequers_serial_rivers_marsh
D:2:      layout_rooms, lemuel_crystal_altar, nicolae_overflow_hidden_temple,
          nemelex_altar_shiori

Skill      XL: |  1  2 |
---------------+-------+-----
Stealth        | 1 |  1.0
Fighting       | |  3.2
Dodging        | |  3.6
Unarmed Combat | |  3.6

Action                   || total
-------------------------++-------
Melee: Unarmed           ||    81
       Bite              ||     4
       Punch             ||     1
  Use: Potion            ||     1
 Stab: Sleeping          ||     1
Armor: Skin              ||     7
Dodge: Dodged            ||    80

Table legend: (Time is in decaauts)
 A = Elapsed time spent in this place.
 B = Non-inter-level travel time spent in this place.
 C = Inter-level travel time spent in this place.
 D = Time resting spent in this place.
 E = Time spent auto-exploring this place.
 F = Levels seen in this place.
 G = Mean time per level.
                   A        B        C        D        E       F      G
               +--------+--------+--------+--------+--------+-----+--------+
         Total |   1245 |   1240 |      5 |    452 |    580 |   2 |  622.5 |
       Dungeon |   1245 |   1240 |      5 |    452 |    580 |   2 |  622.5 |
               +--------+--------+--------+--------+--------+-----+--------+

Top non-repeatable levels by time:
     D:1: 1243 daAuts
     D:2: 1 daAuts
